 Dungeon Crawl Stone Soup version 0.28.0-53-g5a82cb258f (webtiles) character file.

Game seed: 13651267766433547713

219 Zeld the Chopper (level 5, -1/48 HPs)
             Began as a Minotaur Berserker on May 23, 2022.
             Was a Believer of Trog.
             Slain by a water moccasin zombie (5 damage)
             ... on level 4 of the Dungeon.
             The game lasted 00:01:59 (3154 turns).

Zeld the Chopper (Minotaur Berserker)               Turns: 3154, Time: 00:02:00

Health: -1/48      AC:  2    Str: 23    XL:     5   Next: 63%
Magic:  4/4        EV: 12    Int:  4    God:    Trog [**....]
Gold:   79         SH:  0    Dex: 10    Spells: 4/4 levels left

rFire   . . .      SeeInvis .   a - +0 war axe
rCold   . . .      Faith    .   (no shield)
rNeg    . . .      Spirit   .   b - +0 animal skin
rPois   .          Reflect  .   (helmet restricted)
rElec   .          Harm     .   (no cloak)
rCorr   .          Rampage  .   (no gloves)
Will    .....                   (no boots)
Stlth   +.........              (no amulet)
HPRegen 0.16/turn               (no ring)
MPRegen 0.09/turn               (no ring)

@: no status effects
A: horns 2, retaliatory headbutt
a: Renounce Religion, Berserk, Trog's Hand


You were on level 4 of the Dungeon.
You worshipped Trog.
Trog was pleased with you.
You visited 1 branch of the dungeon, and saw 4 of its levels.

You collected 79 gold pieces.

Inventory:

Hand Weapons
 a - a +0 war axe (weapon)
Armour
 b - a +0 animal skin (worn)
Scrolls
 d - 3 scrolls of identify {unknown}
 e - 3 scrolls of teleportation {unknown}
 g - 2 scrolls of enchant armour {unknown}
 k - a scroll of immolation {unknown}
Potions
 c - a potion of degeneration {unknown}
 f - a potion of brilliance {unknown}
 h - 2 potions of invisibility {unknown}
 i - a potion of curing {unknown}
 j - 3 potions of heal wounds {unknown}


   Skills:
 * Level 5.3 Fighting
 * Level 5.4 Axes
 + Level 3.5 Armour
 + Level 3.2 Dodging


You had 4 spell levels left.
You didn't know any spells.
Your spell library was empty.

Dungeon Overview and Level Annotations

Branches:
Dungeon (4/15)
 Temple: D:4-7

Altars:
Nemelex Xobeh


Innate Abilities, Weirdness & Mutations

You have a pair of horns on your head.
You reflexively headbutt those who attack you in melee.


Message History

You hit the kobold.
You kill the kobold!
Trog accepts your kill.
You hit the water moccasin zombie but do no damage.
The water moccasin zombie bites you.
The water moccasin zombie bites you but does no damage.
You barely miss the water moccasin zombie.
Your punch misses the water moccasin zombie.
The water moccasin zombie bites you. x2
You barely miss the water moccasin zombie.
You headbutt the water moccasin zombie.
The water moccasin zombie is lightly damaged.
The water moccasin zombie bites you.
Unknown command.
You closely miss the water moccasin zombie.
Your headbutt misses the water moccasin zombie.
The water moccasin zombie is lightly damaged.
The water moccasin zombie bites you but does no damage.
The water moccasin zombie barely misses you.
You hit the water moccasin zombie.
The water moccasin zombie is lightly damaged.
The water moccasin zombie closely misses you.
You hit the water moccasin zombie. You headbutt the water moccasin zombie.
The water moccasin zombie is moderately damaged.
The water moccasin zombie bites you.
* * * LOW HITPOINT WARNING * * *
The water moccasin zombie bites you.
* * * LOW HITPOINT WARNING * * *
You closely miss the water moccasin zombie.
The water moccasin zombie is moderately damaged.
The water moccasin zombie closely misses you.
You furiously retaliate!
You headbutt the water moccasin zombie. The water moccasin zombie bites you.
* * * LOW HITPOINT WARNING * * *
There is a stone staircase leading up here.
Things that are here:
a +0 dagger; 2 stones The water moccasin zombie barely misses you.
The water moccasin zombie bites you.
You die...

#. #.. ####
...###..# ........#
........#
........##
.......).#
.......@Z#
#.......)#
#........#
#........########Z.
##........#........
##........o.......
##....##.).......
####.###........ ##
#........


You could see a water moccasin zombie.

Vanquished Creatures
  An ogre (D:3)
  2 orc wizards (D:4)
  3 adders
  2 dart slugs
  3 orcs
  7 ball pythons
  6 endoplasms
  A giant cockroach (D:1)
  2 goblins (D:2)
  5 hobgoblins
  6 kobolds
  4 quokkas
  3 bats
  3 frilled lizards
  7 rats
55 creatures vanquished.

Vanquished Creatures (others)
  A plant (D:1)
1 creature vanquished.

Grand Total: 56 creatures vanquished

Notes
Turn   | Place    | Note
-------+----------+-------------------------------------------
     0 | D:1      | Zeld the Minotaur Berserker began the quest for the Orb.
     0 | D:1      | Reached XP level 1. HP: 19/19 MP: 0/0
   468 | D:1      | Reached XP level 2. HP: 27/27 MP: 1/1
   734 | D:1      | Found a faded altar of an unknown god.
  1290 | D:2      | Reached XP level 3. HP: 33/33 MP: 2/2
  1601 | D:2      | Reached ** piety under Trog
  2334 | D:3      | Noticed an ogre
  2338 | D:3      | Killed an ogre
  2339 | D:3      | Reached skill level 5 in Fighting
  2339 | D:3      | Reached skill level 5 in Axes
  2339 | D:3      | Reached XP level 4. HP: 42/42 MP: 3/3
  2339 | D:3      | Reached XP level 5. HP: 48/48 MP: 4/4
  2531 | D:3      | Found a sparkling altar of Nemelex Xobeh.
  3154 | D:4      | Slain by a water moccasin zombie

Illustrated notes

Levels and vault maps discovered:
D:1:      lightli_arrival_statuegarden, layout_loops_ring,
          dreamdust_ecumenical_altar_hidden_monk_grotto, serial_forest,
          infiniplex_forest_lined_1, infiniplex_forest_clump_tiny,
          infiniplex_forest_zigzag_1, infiniplex_forest_straight_2,
          infiniplex_forest_fountain, infiniplex_forest_end_1,
          infiniplex_forest_clump_double, minmay_misc_feat_x
D:2:      layout_basic
D:3:      layout_basic, nemelex_altar_shiori
D:4:      layout_cave_pods

Skill      XL: |  1  2  3 |
---------------+----------+-----
Fighting       | 4 5 |  5.3
Axes           | 4 5 |  5.4
Armour         | 3 |  3.5
Dodging        | 3 |  3.2

Action                   |  1- 3 |  4- 6 || total
-------------------------+-------+-------++-------
Melee: Hand axe          |    70 |       ||    70
       Headbutt          |     7 |     8 ||    15
       War axe           |     4 |    38 ||    42
 Stab: Sleeping          |     1 |     1 ||     2
Armor: Animal skin       |    14 |     6 ||    20
Dodge: Dodged            |    42 |    24 ||    66
